 Dungeon Crawl Stone Soup version 0.23.2-1-ga50397a6bc (webtiles) character file.

Game seed: 6497459468430739190

58 Morbidden the Conjurer (level 3, -9/28 HPs)
             Began as a Draconian Conjurer on May 3, 2019.
             Killed by nerve-wracking pain
             ... invoked by Jessica
              (10 damage)
             ... on level 2 of the Dungeon.
             The game lasted 00:05:20 (1354 turns).

Morbidden the Conjurer (Draconian Conjurer)         Turns: 1354, Time: 00:05:21

Health: -9/28      AC:  5    Str: 13    XL:     3   Next: 75%
Magic:  1/6        EV: 12    Int: 16    God:
Gold:   133        SH:  0    Dex: 11    Spells: 5/6 levels left

rFire    . . .     SeeInvis .   (no weapon)
rCold    . . .     Gourm    .   (no shield)
rNeg     . . .     Faith    .   (armour unavailable)
rPois    .         Spirit   .   (helmet restricted)
rElec    .         Reflect  .   (no cloak)
rCorr    .         Harm     .   (no gloves)
MR       .....                  (no boots)
Stlth    ++........             (no amulet)
HPRegen  0.09/turn              j - ring of flight
MPRegen  0.10/turn              k - +3 ring of strength

@: very slightly contaminated
A: unfitting armour, cold-blooded, AC +5
a: Evoke Flight


You were on level 2 of the Dungeon.
You were hungry.

You visited 1 branch of the dungeon, and saw 2 of its levels.

You collected 133 gold pieces.

Inventory:

Jewellery
 j - a ring of flight (left hand)
 k - a +3 ring of strength (right hand)
 l - an uncursed ring of ice
Scrolls
 a - a scroll of identify
 e - a scroll of remove curse {unknown}
 f - a scroll of noise {unknown}
 g - a scroll of amnesia {unknown}
 i - a scroll of blinking {unknown}
Potions
 c - a potion of degeneration {unknown}
 d - 2 potions of curing {unknown}
 h - a potion of haste {unknown}
Comestibles
 b - a ration


   Skills:
 * Level 1.2 Fighting
 + Level 1.8 Dodging
 + Level 1.8 Stealth
 * Level 0.7 Unarmed Combat
 + Level 2.0 Spellcasting
 * Level 5.0 Conjurations


You had 5 spell levels left.
You knew the following spells:

 Your Spells              Type           Power        Failure   Level  Hunger
a - Magic Dart            Conj           ###.         2%          1    #......

Your spell library contained the following spells:

 Spells                   Type           Power        Failure   Level  Hunger
 Searing Ray              Conj           ###...       4%          2    ###....
 Dazzling Spray           Conj/Hex       #.....       22%         3    ###....
 Iskenderun's Mystic Bla  Conj           ###.....     26%         4    #####..
 Force Lance              Conj/Tloc      #.......     58%         4    #####..
 Fulminant Prism          Conj/Hex       #.........   58%         4    #####..


Dungeon Overview and Level Annotations

Branches:
Dungeon (2/15)

Altars:

Annotations:
D:2 Jessica


Innate Abilities, Weirdness & Mutations

Your plain brown scales are hard. (AC +5)
You cannot fit into any form of body armour.
You are cold-blooded and may be slowed by cold attacks.


Message History

You barely resist. You barely miss Jessica.
Jessica is severely wounded.
Jessica barely misses you.
You hit Jessica but do no damage.
Jessica is severely wounded.
Jessica completely misses you.
You hit Jessica but do no damage.
Jessica is severely wounded.
You feel sick.
You are no longer poisoned.
Jessica mumbles some strange words.
Jessica blinks!
Jessica points at you and mumbles some strange words.
Pain shoots through your body!
Ouch! That really hurt!
* * * LOW HITPOINT WARNING * * *
Jessica points at you and mumbles some strange words.
Pain shoots through your body!
You die...

######............
#.............####
#.#############
#.# #.# #.# #.#
########.#
.......#@#
#.....#@#
#.......#
#.....### #.....
######


You could see Jessica.

Vanquished Creatures
  An adder (D:2)
  A dart slug (D:1)
  3 leopard geckos
  5 giant cockroaches
  5 goblins (D:1)
  3 hobgoblins
  2 jackals (D:1)
  2 ball pythons
  7 bats
  6 frilled lizards
  2 kobolds (D:1)
  7 rats
44 creatures vanquished.

Notes
Turn   | Place    | Note
-------+----------+-------------------------------------------
     0 | D:1      | Morbidden the Draconian Conjurer began the quest for the
                  | Orb.
     0 | D:1      | Reached XP level 1. HP: 14/14 MP: 3/3
   360 | D:1      | Reached XP level 2. HP: 20/20 MP: 3/5
   795 | D:1      | Reached XP level 3. HP: 22/26 MP: 3/6
  1080 | D:1      | Reached skill level 5 in Conjurations
  1325 | D:2      | Noticed Jessica
  1335 | D:2      | Reached skill level 1 in Fighting
  1353 | D:2      | HP: 1/28 [Jessica/nerve-wracking pain (14)]
  1354 | D:2      | Killed from afar by Jessica

Skill      XL: |  1  2  3 |
---------------+----------+-----
Conjurations   | 5 |  5.0
Fighting       | 1 |  1.2
Dodging        | |  1.8
Stealth        | |  1.8
Unarmed Combat | |  0.7
Spellcasting   | |  2.0

Action                   || total
-------------------------++-------
Melee: Unarmed           ||    94
       Tailslap          ||     8
 Cast: Magic Dart        ||    55
  Use: Scroll            ||     3
  Eat: Chunk             ||     2
Armor: Skin              ||    25
Dodge: Dodged            ||    56
